 Dungeon Crawl Stone Soup version 0.19-a0-1740-g0bcaf2e (webtiles) character file.

121 kae the Shield-Bearer (level 5, -1/42 HPs)
             Began as a Formicid Fighter on Oct 2, 2016.
             Was an Initiate of Okawaru.
             Slain by a hobgoblin
             ... wielding a +0 club
             ... led by Robin
              (6 damage)
             ... on level 2 of the Dungeon.
             The game lasted 00:01:24 (1201 turns).

kae the Shield-Bearer (Formicid Fighter)            Turns: 1201, Time: 00:01:25

Health: -1/42      AC:  6    Str: 26    XL:     5   Next: 26%
Magic:  5/5        EV:  8    Int:  8    God:    Okawaru [......]
Gold:   112        SH: 10    Dex: 10    Spells: 0 memorised, 4 levels left

rFire  . . .     SeeInvis +     a - +0 long sword
rCold  . . .     Gourm    .     b - +0 scale mail
rNeg   . . .     Faith    .     c - +0 shield
rPois  .         Spirit   .     (helmet unavailable)
rElec  .         Dismiss  .     (no cloak)
rCorr  .         Reflect  .     (no gloves)
MR     .....     Harm     .     (no boots)
Stlth  ..........               (no amulet)
                                (no ring)
                                (no ring)

@: mighty, drained
A: permanent stasis, dig shafts and tunnels, four strong arms, antennae 3
a: Dig, Shaft Self, Renounce Religion


You were on level 2 of the Dungeon.
You worshipped Okawaru.
Okawaru was noncommittal.
You were not hungry.

You visited 1 branch of the dungeon, and saw 2 of its levels.

You collected 112 gold pieces.

Inventory:

Hand Weapons
 a - a +0 long sword (weapon)
Armour
 b - a +0 scale mail (worn)
 c - a +0 shield (worn)
Jewellery
 h - an uncursed ring of flight {unknown}
 i - an uncursed amulet of guardian spirit {unknown}
Scrolls
 e - a scroll of immolation {unknown}
 g - 2 scrolls of magic mapping {unknown}
 j - 2 scrolls of identify {unknown}
Potions
 d - a potion of might
Comestibles
 f - 2 bread rations
 k - a chunk of flesh


   Skills:
 + Level 4.2(4.0) Fighting
 * Level 3.8(3.6) Long Blades
 - Level 3.2(3.0) Armour
 + Level 4.4(4.2) Shields


You had 4 spell levels left.
You didn't know any spells.

Dungeon Overview and Level Annotations

Branches:
Dungeon (2/15)

Altars:
Okawaru

Annotations:
D:2 Robin


Innate Abilities, Weirdness & Mutations

You are under a permanent stasis effect.
You can dig through walls and to a lower floor.
Your four strong arms can wield two-handed weapons with a shield.
You have a pair of large antennae on your head. (SInv)


Message History

The goblin no longer looks unusually strong.
The hobgoblin no longer looks unusually strong.
The goblin no longer looks unusually strong.
Robin throws the goblin at you!
* * * LOW HITPOINT WARNING * * *
The goblin hits you with a club.
* * * LOW HITPOINT WARNING * * *
The hobgoblin no longer looks unusually strong.
Robin throws the goblin at you! You block the goblin's attack. x2
You slice the goblin!!
You kill the goblin!
Okawaru accepts your kill.
The goblin no longer looks unusually strong.
Robin roars a battlecry!
The goblins go into a battle-frenzy!
You block the hobgoblin's attack. x2; The goblin hits you with a club.
* * * LOW HITPOINT WARNING * * *
The hobgoblin closely misses you.
You riposte.
You barely miss the hobgoblin. The hobgoblin hits you with a club.
You die...

#.......#.....................
###..>.(........................
#.#)..(.((()....................
##(###..........................
### #........................##
#............g)).........#
#...........g............#
########..gggg..........##
##.@gg..........##
##..g..##.....## ####### ######


You could see Robin, 4 hobgoblins and 4 goblins.

Vanquished Creatures
  Ijyb (D:1)
  4 gnolls
  2 worms (D:2)
  A dart slug (D:1)
  3 leopard geckos
  2 ball pythons (D:1)
  6 bats
  2 giant cockroaches (D:2)
  9 goblins
  5 hobgoblins
  4 frilled lizards
  4 kobolds
  3 rats
46 creatures vanquished.

Notes
Turn   | Place    | Note
-------+----------+-------------------------------------------
     0 | D:1      | kae the Formicid Fighter began the quest for the Orb.
     0 | D:1      | Reached XP level 1. HP: 18/18 MP: 1/1
   112 | D:1      | Reached XP level 2. HP: 24/24 MP: 2/2
   313 | D:1      | Reached XP level 3. HP: 29/29 MP: 3/3
   550 | D:2      | Noticed Ijyb
   582 | D:1      | Killed Ijyb
   582 | D:1      | Reached XP level 4. HP: 29/37 MP: 4/4
   692 | D:2      | Reached XP level 5. HP: 7/42 MP: 5/5
  1144 | D:2      | Found an iron altar of Okawaru.
  1175 | D:2      | Noticed Robin
  1175 | D:2      | Became a worshipper of Warmaster Okawaru
  1201 | D:2      | Slain by a hobgoblin

Vault maps used:
D:1:      minmay_arrival_split_and_join, serial_forest,
          infiniplex_forest_lined_room_3, infiniplex_forest_zigzag_1,
          infiniplex_forest_straight_3, infiniplex_forest_lined_corner,
          infiniplex_forest_clump_diagonal, minmay_misc_feat_four_crosses,
          serial_bayou_pond_d
D:2:      elyvilon_altar_4, okawaru_metal_pillars_3, uniq_crazy_yiuf_cottage,
          uniq_iyjb, uniq_robin

Skill      XL: |  1  2  3  4 |
---------------+-------------+-----
Shields        | 4 |  4.4
Long Blades    | 3 |  3.8
Fighting       | 4 |  4.2
Armour         | |  3.2

Action                   |  1- 3 |  4- 6 || total
-------------------------+-------+-------++-------
Melee: Long sword        |    84 |   111 ||   195
 Abil: Dig               |     1 |     3 ||     4
  Use: Potion            |       |     1 ||     1
  Eat: Chunk             |       |     2 ||     2
Armor: Scale mail        |    39 |    67 ||   106
Dodge: Dodged            |    33 |    39 ||    72
Block: Shield            |    54 |    97 ||   151
